[ AOE2 MATCH · #505963659 ]
UnrankedJapanese vs Ethiopians
Player's team · WIN
[ REPLAY ANALYSIS · EXTRACTED FROM THE RECORDED GAME ]
Feudal
13:47
Castle
19:22
Imperial
42:08
| APM avg | 53.6 |
| APM peak | 105 |
| eAPM avg | 25.0 |
| Villagers / military | 119 / 115 |
Focus
⚔️ 35.7% · 🌾 64.3%
Samurai ×53 · Skirmisher ×33 · Militia ×12 · Mangonel ×8 · Monk ×6 · Trebuchet (Packed) ×3
Feudal
10:57
Castle
21:56
Imperial
44:14
| APM avg | 34.7 |
| APM peak | 78 |
| eAPM avg | 22.5 |
| Villagers / military | 155 / 123 |
Focus
⚔️ 32.1% · 🌾 67.9%
Militia ×47 · Archer ×29 · Scorpion ×26 · Battering Ram ×7 · Bombard Cannon ×7 · Scout Cavalry ×4
Match map
Initial resources + every placement click. Lines = walls · curves = elevation contours. ◆ gold · ⬟ stone · ● berries · ✦ relic · ◌ wall gap
Your base· Open — 6t gap
AceroCromo's base· Open — 7t gap
Smoothed initial terrain · ◌ = detected wall gap · hover for details
Inputs per minute
— CORP_hector_sin_elo - - AceroCromo
Build order — CORP_hector_sin_elo
First 150 of 457 actions detected
| 0:01 | Create | Villager (Male) |
| 0:01 | Create | Villager (Male) |
| 0:01 | Create | Villager (Male) |
| 0:02 | Build | House |
| 0:04 | Build | House |
| 0:33 | Create | Villager (Male) |
| 1:25 | Create | Villager (Male) |
| 2:05 | Create | Villager (Male) |
| 2:13 | Create | Villager (Male) |
| 2:45 | Create | Villager (Male) |
| 3:07 | Build | Barracks |
| 3:19 | Create | Villager (Male) |
| 3:36 | Build | House |
| 3:47 | Create | Villager (Male) |
| 4:07 | Create | Militia |
| 4:20 | Build | Palisade Wall |
| 4:20 | Build | Palisade Wall |
| 4:35 | Create | Villager (Male) |
| 4:40 | Build | Palisade Wall |
| 4:41 | Build | Palisade Wall |
| 4:44 | Build | House |
| 4:49 | Create | Militia |
| 5:04 | Create | Villager (Male) |
| 5:09 | Build | Lumber Camp |
| 5:36 | Create | Villager (Male) |
| 5:37 | Create | Militia |
| 6:01 | Create | Villager (Male) |
| 6:06 | Create | Militia |
| 6:18 | Build | House |
| 6:25 | Create | Villager (Male) |
| 6:40 | Create | Villager (Male) |
| 6:59 | Create | Villager (Male) |
| 7:20 | Create | Militia |
| 7:22 | Build | Mill |
| 7:25 | Build | House |
| 7:45 | Create | Villager (Male) |
| 8:01 | Create | Villager (Male) |
| 8:19 | Create | Villager (Male) |
| 8:27 | Build | Farm |
| 8:28 | Build | Farm |
| 8:36 | Create | Villager (Male) |
| 8:46 | Build | House |
| 9:03 | Build | Palisade Wall |
| 9:03 | Build | Palisade Wall |
| 9:04 | Build | Palisade Wall |
| 9:05 | Build | Palisade Wall |
| 9:06 | Build | Palisade Wall |
| 9:07 | Build | Palisade Wall |
| 9:07 | Build | Palisade Wall |
| 9:26 | Create | Villager (Male) |
| 9:32 | Build | Mining Camp |
| 9:49 | Create | Villager (Male) |
| 10:12 | Build | Farm |
| 10:13 | Build | Farm |
| 10:21 | Create | Villager (Male) |
| 10:23 | Build | Farm |
| 10:45 | Create | Villager (Male) |
| 10:49 | Build | Farm |
| 11:12 | Research | Loom |
| 11:19 | Build | Palisade Wall |
| 11:20 | Build | Palisade Wall |
| 11:21 | Build | Palisade Wall |
| 11:30 | Build | House |
| 11:32 | Build | Palisade Wall |
| 11:37 | Research | Feudal Age |
| 11:51 | Build | Farm |
| 12:31 | Build | Farm |
| 12:47 | Build | House |
| 13:25 | Build | Palisade Wall |
| 13:29 | Build | Palisade Wall |
| 13:30 | Build | Palisade Wall |
| 13:32 | Build | House |
| 13:34 | Build | Palisade Wall |
| 13:35 | Build | Palisade Wall |
| 13:36 | Build | Palisade Wall |
| 13:47 | Age | Feudal Age |
| 13:48 | Build | Archery Range |
| 13:50 | Create | Villager (Male) |
| 13:51 | Research | Double-Bit Axe |
| 13:55 | Build | House |
| 13:58 | Build | House |
| 14:05 | Build | House |
| 14:07 | Build | Palisade Wall |
| 14:22 | Create | Skirmisher |
| 14:36 | Build | Farm |
| 14:36 | Create | Villager (Male) |
| 14:52 | Create | Skirmisher |
| 15:01 | Build | Farm |
| 15:02 | Create | Skirmisher |
| 15:17 | Create | Skirmisher |
| 15:20 | Build | Farm |
| 15:33 | Create | Villager (Male) |
| 16:02 | Build | Blacksmith |
| 16:02 | Create | Villager (Male) |
| 16:04 | Build | Farm |
| 16:12 | Build | House |
| 16:23 | Build | Farm |
| 16:42 | Research | Castle Age |
| 16:51 | Create | Skirmisher |
| 16:58 | Build | Palisade Gate |
| 16:59 | Build | Palisade Wall |
| 17:03 | Build | Palisade Wall |
| 17:04 | Build | Palisade Wall |
| 17:15 | Research | Horse Collar |
| 17:19 | Build | Farm |
| 17:28 | Create | Skirmisher |
| 17:35 | Build | Mining Camp |
| 17:44 | Research | Fletching |
| 18:03 | Create | Militia |
| 18:10 | Build | Farm |
| 18:18 | Build | House |
| 18:21 | Build | House |
| 18:26 | Build | Farm |
| 18:40 | Research | Man-at-Arms (upgrade) |
| 18:58 | Research | Padded Archer Armor |
| 19:01 | Build | Farm |
| 19:10 | Create | Skirmisher |
| 19:22 | Age | Castle Age |
| 19:24 | Create | Villager (Male) |
| 19:28 | Build | Town Center |
| 19:55 | Create | Villager (Male) |
| 20:16 | Research | Long Swordsman (upgrade) |
| 20:25 | Build | Palisade Wall |
| 20:27 | Build | Palisade Wall |
| 20:28 | Build | Palisade Wall |
| 20:29 | Build | Palisade Wall |
| 20:35 | Create | Villager (Male) |
| 20:44 | Create | Skirmisher |
| 20:53 | Create | Villager (Male) |
| 21:06 | Create | Villager (Male) |
| 21:19 | Build | Lumber Camp |
| 21:24 | Build | Farm |
| 21:24 | Build | Farm |
| 21:24 | Build | Farm |
| 21:24 | Build | Farm |
| 21:36 | Create | Villager (Male) |
| 21:36 | Create | Villager (Male) |
| 21:48 | Build | Farm |
| 22:04 | Create | Villager (Male) |
| 22:04 | Create | Villager (Male) |
| 22:06 | Build | Farm |
| 22:23 | Build | House |
| 22:36 | Create | Villager (Male) |
| 22:50 | Research | Leather Archer Armor |
| 22:58 | Create | Villager (Male) |
| 23:05 | Build | Town Center |
| 23:22 | Create | Villager (Male) |
| 23:26 | Build | Farm |
| 23:32 | Build | House |
| 23:41 | Create | Villager (Male) |
Build order — AceroCromo
First 150 of 467 actions detected
| 0:00 | Create | Villager (Male) |
| 0:00 | Create | Villager (Male) |
| 0:01 | Build | House |
| 0:02 | Build | House |
| 0:04 | Create | Villager (Male) |
| 0:04 | Create | Villager (Male) |
| 1:24 | Create | Villager (Male) |
| 1:56 | Build | Lumber Camp |
| 1:57 | Create | Villager (Male) |
| 1:58 | Create | Villager (Male) |
| 2:12 | Create | Villager (Male) |
| 2:54 | Create | Villager (Male) |
| 2:59 | Create | Villager (Male) |
| 3:29 | Create | Villager (Male) |
| 3:48 | Build | House |
| 3:49 | Build | House |
| 4:06 | Create | Villager (Male) |
| 4:06 | Create | Villager (Male) |
| 4:33 | Create | Villager (Male) |
| 4:33 | Create | Villager (Male) |
| 4:50 | Build | House |
| 4:57 | Create | Villager (Male) |
| 4:57 | Create | Villager (Male) |
| 5:45 | Build | House |
| 5:50 | Create | Villager (Male) |
| 5:50 | Create | Villager (Male) |
| 5:52 | Build | Mill |
| 6:14 | Create | Villager (Male) |
| 6:14 | Create | Villager (Male) |
| 6:40 | Build | Palisade Wall |
| 6:44 | Build | Palisade Wall |
| 6:58 | Build | House |
| 7:02 | Build | House |
| 7:17 | Create | Villager (Male) |
| 8:20 | Research | Loom |
| 8:47 | Research | Feudal Age |
| 9:12 | Build | Palisade Wall |
| 9:25 | Build | Mining Camp |
| 9:27 | Build | House |
| 9:54 | Build | House |
| 10:42 | Build | Palisade Wall |
| 10:50 | Create | Villager (Male) |
| 10:53 | Build | House |
| 10:55 | Build | House |
| 10:57 | Age | Feudal Age |
| 10:59 | Build | Mill |
| 11:02 | Build | Barracks |
| 11:27 | Create | Villager (Male) |
| 11:42 | Build | Archery Range |
| 11:43 | Create | Villager (Male) |
| 11:46 | Create | Villager (Male) |
| 12:10 | Research | Double-Bit Axe |
| 12:18 | Create | Archer |
| 12:32 | Build | Farm |
| 12:36 | Create | Archer |
| 12:46 | Create | Villager (Male) |
| 12:47 | Create | Archer |
| 12:53 | Create | Archer |
| 13:10 | Build | Farm |
| 13:16 | Create | Archer |
| 13:21 | Create | Villager (Male) |
| 13:22 | Create | Villager (Male) |
| 13:23 | Create | Villager (Male) |
| 13:23 | Create | Villager (Male) |
| 13:30 | Build | Palisade Wall |
| 13:35 | Create | Archer |
| 13:41 | Build | Farm |
| 13:42 | Build | Farm |
| 13:56 | Create | Archer |
| 14:16 | Create | Archer |
| 14:28 | Create | Archer |
| 14:52 | Create | Archer |
| 15:08 | Build | Farm |
| 15:11 | Build | Market |
| 15:13 | Create | Villager (Male) |
| 15:52 | Create | Villager (Male) |
| 15:52 | Create | Villager (Male) |
| 15:52 | Create | Villager (Male) |
| 15:55 | Build | Farm |
| 15:56 | Build | Farm |
| 16:04 | Build | Farm |
| 16:11 | Build | Farm |
| 16:24 | Build | House |
| 17:03 | Build | Stable |
| 17:15 | Build | House |
| 17:32 | Build | Palisade Wall |
| 17:34 | Build | Palisade Wall |
| 17:38 | Create | Villager (Male) |
| 17:56 | Build | Lumber Camp |
| 18:10 | Create | Villager (Male) |
| 18:14 | Create | Archer |
| 18:30 | Build | Farm |
| 18:44 | Create | Villager (Male) |
| 18:59 | Build | House |
| 19:03 | Build | House |
| 19:03 | Build | House |
| 19:09 | Build | House |
| 19:11 | Build | House |
| 19:13 | Build | House |
| 19:16 | Research | Castle Age |
| 19:20 | Create | Archer |
| 19:50 | Create | Scout Cavalry |
| 20:05 | Research | Horse Collar |
| 20:19 | Build | Farm |
| 20:22 | Research | Gold Mining |
| 20:49 | Build | House |
| 21:01 | Create | Archer |
| 21:14 | Create | Archer |
| 21:31 | Create | Villager (Male) |
| 21:33 | Create | Archer |
| 21:56 | Age | Castle Age |
| 22:03 | Build | Town Center |
| 22:17 | Research | Crossbowman (upgrade) |
| 22:25 | Create | Villager (Male) |
| 22:36 | Build | Blacksmith |
| 22:39 | Build | Farm |
| 22:40 | Create | Villager (Male) |
| 22:53 | Create | Villager (Male) |
| 22:56 | Create | Villager (Male) |
| 22:58 | Create | Archer |
| 23:37 | Create | Archer |
| 23:39 | Create | Villager (Male) |
| 23:41 | Build | Farm |
| 23:45 | Create | Villager (Male) |
| 23:56 | Build | Siege Workshop |
| 23:58 | Create | Villager (Male) |
| 24:00 | Build | Farm |
| 24:01 | Create | Villager (Male) |
| 24:09 | Research | Fletching |
| 24:12 | Build | Farm |
| 24:13 | Build | Farm |
| 24:14 | Create | Villager (Male) |
| 24:14 | Create | Villager (Male) |
| 24:16 | Create | Archer |
| 24:27 | Create | Archer |
| 24:54 | Create | Villager (Male) |
| 24:55 | Build | Farm |
| 24:58 | Create | Scorpion |
| 25:02 | Build | House |
| 25:04 | Create | Villager (Male) |
| 25:04 | Create | Villager (Male) |
| 25:10 | Create | Archer |
| 25:15 | Create | Villager (Male) |
| 25:15 | Create | Villager (Male) |
| 25:23 | Create | Battering Ram |
| 25:47 | Create | Villager (Male) |
| 25:51 | Create | Villager (Male) |
| 26:04 | Build | Farm |
| 26:05 | Create | Villager (Male) |
| 26:08 | Build | Farm |
Match timeline
| 3:07 | CORP_hector_sin_elo · first_building Barracks |
| 4:20 | CORP_hector_sin_elo · wall_segment Palisade Wall x1 |
| 4:20 | CORP_hector_sin_elo · wall_segment Palisade Wall x1 |
| 4:40 | CORP_hector_sin_elo · wall_segment Palisade Wall x1 |
| 4:41 | CORP_hector_sin_elo · wall_segment Palisade Wall x1 |
| 6:40 | AceroCromo · wall_segment Palisade Wall x2 |
| 6:44 | AceroCromo · wall_segment Palisade Wall x3 |
| 9:03 | CORP_hector_sin_elo · wall_segment Palisade Wall x3 |
| 9:03 | CORP_hector_sin_elo · wall_segment Palisade Wall x1 |
| 9:04 | CORP_hector_sin_elo · wall_segment Palisade Wall x2 |
| 9:05 | CORP_hector_sin_elo · wall_segment Palisade Wall x1 |
| 9:06 | CORP_hector_sin_elo · wall_segment Palisade Wall x1 |
| 9:07 | CORP_hector_sin_elo · wall_segment Palisade Wall x2 |
| 9:07 | CORP_hector_sin_elo · wall_segment Palisade Wall x1 |
| 9:12 | AceroCromo · wall_segment Palisade Wall x1 |
| 10:42 | AceroCromo · wall_segment Palisade Wall x1 |
| 10:57 | AceroCromo · age_up feudal |
| 11:02 | AceroCromo · first_building Barracks |
| 11:19 | CORP_hector_sin_elo · wall_segment Palisade Wall x3 |
| 11:20 | CORP_hector_sin_elo · wall_segment Palisade Wall x4 |
| 11:21 | CORP_hector_sin_elo · wall_segment Palisade Wall x8 |
| 11:32 | CORP_hector_sin_elo · wall_segment Palisade Wall x7 |
| 11:42 | AceroCromo · first_building Archery Range |
| 13:25 | CORP_hector_sin_elo · wall_segment Palisade Wall x1 |
| 13:29 | CORP_hector_sin_elo · wall_segment Palisade Wall x1 |
| 13:30 | CORP_hector_sin_elo · wall_segment Palisade Wall x4 |
| 13:30 | AceroCromo · wall_segment Palisade Wall x2 |
| 13:34 | CORP_hector_sin_elo · wall_segment Palisade Wall x1 |
| 13:35 | CORP_hector_sin_elo · wall_segment Palisade Wall x1 |
| 13:36 | CORP_hector_sin_elo · wall_segment Palisade Wall x1 |
| 13:47 | CORP_hector_sin_elo · age_up feudal |
| 13:48 | CORP_hector_sin_elo · first_building Archery Range |
| 14:07 | CORP_hector_sin_elo · wall_segment Palisade Wall x1 |
| 16:59 | CORP_hector_sin_elo · wall_segment Palisade Wall x7 |
| 17:03 | CORP_hector_sin_elo · wall_segment Palisade Wall x9 |
| 17:03 | AceroCromo · first_building Stable |
| 17:04 | CORP_hector_sin_elo · wall_segment Palisade Wall x9 |
| 17:32 | AceroCromo · wall_segment Palisade Wall x10 |
| 17:34 | AceroCromo · wall_segment Palisade Wall x8 |
| 19:22 | CORP_hector_sin_elo · age_up castle |
| 20:05 | AceroCromo · first_market_buy 100 food |
| 20:25 | CORP_hector_sin_elo · wall_segment Palisade Wall x1 |
| 20:27 | CORP_hector_sin_elo · wall_segment Palisade Wall x4 |
| 20:28 | CORP_hector_sin_elo · wall_segment Palisade Wall x4 |
| 20:29 | CORP_hector_sin_elo · wall_segment Palisade Wall x3 |
| 21:56 | AceroCromo · age_up castle |
| 23:56 | AceroCromo · first_building Siege Workshop |
| 25:48 | CORP_hector_sin_elo · first_building Monastery |
| 31:27 | CORP_hector_sin_elo · first_building Castle |
| 37:28 | AceroCromo · first_building Castle |
| 38:15 | AceroCromo · first_market_sell 100 wood |
| 40:54 | CORP_hector_sin_elo · first_building Siege Workshop |
| 41:14 | CORP_hector_sin_elo · first_building Stable |
| 41:47 | AceroCromo · first_building Monastery |
| 42:02 | CORP_hector_sin_elo · wall_segment Palisade Wall x5 |
| 42:03 | CORP_hector_sin_elo · wall_segment Palisade Wall x3 |
| 42:05 | CORP_hector_sin_elo · wall_segment Palisade Wall x4 |
| 42:08 | CORP_hector_sin_elo · age_up imperial |
| 43:37 | CORP_hector_sin_elo · wall_segment Palisade Wall x1 |
| 44:14 | AceroCromo · age_up imperial |
| 49:37 | AceroCromo · resign |
[ AI ANALYSIS · 1 CREDIT ]
What really happened in this match?
Wolo.gg analyzes every decision: build order, eco, micro, common mistakes by bracket. Personalized analysis on WhatsApp or Discord in 30 seconds.
Civ guide
Japanese
Perfil
CORP_hector_sin_elo